 Dungeon Crawl Stone Soup version 0.26.1-2-gb8aa6d0cf2 (webtiles) character file.

Game seed: 6045530628559226765

49 Allula97 the Insei (level 3, -1/26 HPs)
             Began as a Demonspawn Transmuter on Feb 26, 2021.
             Hit by a stone thrown by a hobgoblin (2 damage)
             ... on level 2 of the Dungeon.
             The game lasted 00:04:35 (1418 turns).

Allula97 the Insei (Demonspawn Transmuter)          Turns: 1418, Time: 00:04:35

Health: -1/26      AC:  3    Str: 11    XL:     3   Next: 53%
Magic:  4/6        EV: 12    Int: 14    God:
Gold:   66         SH:  0    Dex: 13    Spells: 3/6 levels left

rFire    . . .     SeeInvis .     - Unarmed
rCold    . . .     Faith    .   (no shield)
rNeg     . . .     Spirit   .   a - +0 robe
rPois    .         Reflect  .   (helmet currently unavailable)
rElec    .         Harm     .   (no cloak)
rCorr    .         Rampage  .   (no gloves)
Will     .....                  (boots currently unavailable)
Stlth    +.........             (no amulet)
HPRegen  0.08/turn              (no ring)
MPRegen  0.10/turn              (no ring)

@: appendages (expiring), wereblooded
A: hooves 1, horns 2, rugged brown scales 1
a: End Transformation


You were on level 2 of the Dungeon.
You had grown temporary horns.
You visited 1 branch of the dungeon, and saw 2 of its levels.

You collected 66 gold pieces.

Inventory:

Armour
 a - a +0 robe (worn)
 f - a +0 ring mail
Scrolls
 b - a scroll of enchant armour {unknown}
 c - a scroll of blinking {unknown}
 d - a scroll of remove curse {unknown}
 e - a scroll of amnesia {unknown}


   Skills:
 * Level 1.2 Fighting
 * Level 0.3 Armour
 * Level 2.1 Dodging
 * Level 3.3 Unarmed Combat
 * Level 2.3 Spellcasting
 * Level 2.1 Transmutations


You had 3 spell levels left.
You knew the following spells:

 Your Spells              Type           Power        Failure   Level
a - Beastly Appendage     Tmut           14%          10%         1
b - Wereblood             Tmut           7%           14%         2

Your spell library contained the following spells:

 Spells                   Type           Power        Failure   Level
 Spider Form              Tmut/Pois      2%           41%         3
 Ice Form                 Ice/Tmut       4%           82%         4
 Blade Hands              Tmut           3%           95%         5


Dungeon Overview and Level Annotations

Branches:
Dungeon (2/15)

Altars:
Trog


Innate Abilities, Weirdness & Mutations

You have large cloven feet.
You are partially covered in rugged brown scales. (AC +1, +3% HP)
You have a pair of horns on your head.


Message History

Your blood is infused with primal strength.
You closely miss the hobgoblin. The hobgoblin barely misses you.
You hit the hobgoblin. Your headbutt misses the hobgoblin.
The hobgoblin is severely wounded.
The hobgoblin hits you.
* * * LOW HITPOINT WARNING * * *
You hit the hobgoblin but do no damage. You kick the hobgoblin.
The hobgoblin is almost dead.
The hobgoblin barely misses you.
You hit the hobgoblin.
You kill the hobgoblin!
The hobgoblin throws a stone.
The stone hits you but does no damage. The hobgoblin hits you.
* * * LOW HITPOINT WARNING * * *
The hobgoblin throws a stone.
The stone hits you but does no damage.
You see here a stone.
You howl as the wereblood boils in your veins!
Your transformation is almost over.
The hobgoblin throws a stone.
The stone hits you.
You die...

#. .# # #.# #.#.# . ...
........ # #.#.#
#.##.#.#.# #.#.#
#.##.#.#.##
#####.#.###.##......#
...............#.#.##
#...........@....#
####..#.###g##(#.#.##
..........(.g(.((..#
##.#..#.###.##.#(###
#..#.# #((#.#.#
#......##(##..##
#.....###g###..##
......##.ā‰ˆgā‰ˆ.##).#
......#.#.gā‰ˆ.ā‰ˆ..#)##


You could see a hobgoblin and a goblin.

Vanquished Creatures
  An adder (D:2)
  2 giant cockroaches (D:1)
  10 goblins
  5 hobgoblins
  5 jackals (D:1)
  5 bats (D:1)
  2 frilled lizards
  2 kobolds
  3 rats (D:1)
35 creatures vanquished.

Notes
Turn   | Place    | Note
-------+----------+-------------------------------------------
     0 | D:1      | Allula97 the Demonspawn Transmuter began the quest for the
                  | Orb.
     0 | D:1      | Reached XP level 1. HP: 15/15 MP: 3/3
   373 | D:1      | Gained mutation: You are partially covered in rugged brown
                  | scales. (AC +1, +3% HP) [demonic ancestry]
   373 | D:1      | Reached XP level 2. HP: 9/21 MP: 3/5
   379 | D:1      | Reached skill level 3 in Unarmed Combat
  1071 | D:1      | Lost mutation: You have razor-sharp toenails. [demonic
                  | ancestry]
  1071 | D:1      | Lost mutation: You have sharp toenails. [demonic ancestry]
  1071 | D:1      | Gained mutation: You have large cloven feet. [demonic
                  | ancestry]
  1071 | D:1      | Reached XP level 3. HP: 26/26 MP: 4/6
  1371 | D:2      | Learned a level 2 spell: Wereblood
  1398 | D:2      | Found a bloodstained altar of Trog.
  1416 | D:2      | HP: 1/26 [hobgoblin (2)]
  1418 | D:2      | Hit by a stone thrown by a hobgoblin

Illustrated notes

Levels and vault maps discovered:
D:1:      lemuel_arrival_broad_hall, layout_loops_cross
D:2:      layout_basic, pdpol_wu_jian_five_deadly_venoms, trog_hazing_becter

Skill      XL: |  1  2 |
---------------+-------+-----
Transmutations | 2 |  2.1
Unarmed Combat | 3 |  3.3
Dodging        | 2 |  2.1
Fighting       | |  1.2
Armour         | |  0.3
Spellcasting   | |  2.3

Action                   || total
-------------------------++-------
Melee: Unarmed           ||   119
       Kick              ||    16
       Headbutt          ||     6
       Punch             ||     1
 Cast: Beastly Appendage ||    12
       Wereblood         ||     2
  Use: Potion            ||     2
 Stab: Sleeping          ||     1
Armor: Robe              ||    21
       Skin              ||    10
Dodge: Dodged            ||    74
